 Dungeon Crawl Stone Soup version 0.28.0 (webtiles) character file.

Game seed: 2066251775421720620

140 dolemite99 the Chopper (level 5, 0/38 HPs)
             Began as a Demonspawn Gladiator on Feb 14, 2022.
             Was an Initiate of Ashenzari.
             Slain by an ogre (15 damage)
             ... on level 4 of the Dungeon.
             The game lasted 00:03:53 (3397 turns).

dolemite99 the Chopper (Demonspawn Gladiator)       Turns: 3397, Time: 00:03:53

Health: 0/38       AC: 12    Str: 16    XL:     5   Next: 2%
Magic:  5/5        EV:  5    Int:  9    God:    Ashenzari [......]
Gold:   157        SH:  4    Dex: 15    Spells: 4/4 levels left

rFire   . . .      SeeInvis .   a - +0 war axe
rCold   + . .      Faith    .   (no shield)
rNeg    . . .      Spirit   .   q - +0 plate armour
rPois   .          Reflect  .   c - +0 helmet
rElec   .          Harm     .   (no cloak)
rCorr   .          Rampage  .   (no gloves)
Will    .....                   (no boots)
Stlth   ..........              (no amulet)
HPRegen 0.12/turn               i - ring of protection from cold
MPRegen 0.09/turn               (no ring)

@: mighty, hasted, studying Stealth, very quick
A: hooves 1, sharp scales 1, condensation shield
a: Renounce Religion, Curse Item


You were on level 4 of the Dungeon.
You worshipped Ashenzari.
Ashenzari was noncommittal.
You visited 1 branch of the dungeon, and saw 4 of its levels.

You collected 185 gold pieces.
You spent 28 gold pieces at shops.

Inventory:

Hand Weapons
 a - a +0 war axe (weapon)
 m - a +0 hunting sling
 p - a +0 broad axe
Missiles
 d - 5 throwing nets (quivered)
 e - 9 sling bullets
 f - 20 bolts
 g - 82 stones
Armour
 b - a +0 leather armour
 c - a +0 helmet (worn)
 q - a +0 plate armour (worn)
Jewellery
 h - a ring of protection from cold
 i - a ring of protection from cold (left hand)
Scrolls
 n - a scroll of identify {@r1}
 o - a scroll of torment
Potions
 j - a potion of brilliance
 l - a potion of haste


   Skills:
 - Level 2.0 Fighting
 + Level 5.2 Axes
 - Level 1.7 Throwing
 - Level 2.6 Dodging


You had 4 spell levels left.
You didn't know any spells.
Your spell library contained the following spells:

 Spells                   Type           Power      Damage    Failure   Level
 Ozocubu's Armour         Ice            0%         N/A       100%        3
 Ozocubu's Refrigeration  Ice            0%         4d5       100%        7


Dungeon Overview and Level Annotations

Branches:
Dungeon (4/15)
 Temple: D:4-7

Altars:
Ashenzari
Nemelex Xobeh

Shops:
D:2 *   D:3 (


Innate Abilities, Weirdness & Mutations

You have large cloven feet.
You are partially covered in razor-sharp scales. (AC +1, Slay +1)
A meltable shield of frost defends you. (SH +4)


Message History

You see here a scroll of identify {@r1}.
n - a scroll of identify {@r1} The quokka skeleton bites you but does no damage.
The quokka skeleton bites you but does no damage.
A giant cockroach comes into view.
The quokka barely misses you.
There is a stone staircase leading up here.
You slash the quokka!
You kill the quokka!
You hit the quokka.
The quokka is almost dead.
The quokka bites you but does no damage. x2
You closely miss the quokka.
The quokka is almost dead.
You hit the quokka skeleton. The quokka barely misses you.
You block the quokka skeleton's attack.
You slash the quokka!
You kill the quokka!
You hit the quokka skeleton but do no damage.
The quokka skeleton bites you but does no damage.
You have reached level 5!
Your demonic ancestry asserts itself...
Your feet thicken and deform.
You hit the quokka skeleton.
You destroy the quokka skeleton!
You slash the giant cockroach!
You kill the giant cockroach!
An ogre comes into view. It is wielding a +0 giant club.
Found a lumpy red potion.
An ogre is nearby!
You feel very mighty all of a sudden.
You feel yourself speed up. The ogre hits you with a +0 giant club!
You barely miss the ogre. Your kick misses the ogre. You slash the ogre!
The ogre is moderately wounded.
The ogre hits you with a +0 giant club!
You slash the ogre!
The ogre is almost dead.
The ogre hits you with a +0 giant club!
You die...

......... #.......
.#...|.. . ........
#.####...########
#..........†<...#
.#...#........#
#............#
......##.....@..#
..............O....#
..[. #.#...####....#
.[. .......# #.###
#+ ###..... ...
+...... ##! #......#
#


You could see an ogre.

Vanquished Creatures
  A hound (D:3)
  A howler monkey skeleton (D:3)
  4 adders
  A worm (D:2)
  2 orcs (D:3)
  4 endoplasms
  4 giant cockroaches
  3 goblins
  7 hobgoblins
  2 jackals (D:1)
  6 quokkas
  6 ball pythons
  2 bats (D:1)
  2 frilled lizards
  6 kobolds
  A quokka skeleton (D:4)
  7 rats
59 creatures vanquished.

Vanquished Creatures (others)
  2 fungi (D:3)
2 creatures vanquished.

Grand Total: 61 creatures vanquished

Notes
Turn   | Place    | Note
-------+----------+-------------------------------------------
     0 | D:1      | dolemite99 the Demonspawn Gladiator began the quest for the
                  | Orb.
     0 | D:1      | Reached XP level 1. HP: 16/16 MP: 1/1
    91 | D:1      | Reached skill level 3 in Axes
   379 | D:1      | Gained mutation: A meltable shield of frost defends you.
                  | (SH +4) [demonic ancestry]
   379 | D:1      | Reached XP level 2. HP: 22/22 MP: 2/2
   848 | D:2      | Gained mutation: You are partially covered in razor-sharp
                  | scales. (AC +1, Slay +1) [demonic ancestry]
   848 | D:2      | Reached XP level 3. HP: 4/27 MP: 3/3
  1418 | D:2      | Reached skill level 4 in Axes
  1898 | D:2      | Found Larchagu's General Store.
  1906 | D:2      | Bought a scroll of identify for 28 gold pieces
  2203 | D:3      | Found a broken altar of Ashenzari.
  2234 | D:3      | Became a worshipper of Ashenzari the Shackled
  2253 | D:3      | Reached XP level 4. HP: 33/33 MP: 4/4
  2498 | D:3      | Found Ybipau's Weapon Shoppe.
  2678 | D:3      | Reached skill level 5 in Axes
  3057 | D:3      | Found a sparkling altar of Nemelex Xobeh.
  3388 | D:4      | Gained mutation: You have large cloven feet. [demonic
                  | ancestry]
  3388 | D:4      | Reached XP level 5. HP: 38/38 MP: 5/5
  3390 | D:4      | Noticed an ogre
  3397 | D:4      | Slain by an ogre

Illustrated notes

Levels and vault maps discovered:
D:1:      ebering_hopf_link, layout_basic
D:2:      layout_loops_ring, serial_shops, shop
D:3:      layout_loops_corners, mainiacjoe_overflow_boulevard,
          amcnicky_altar_gilded, serial_shops,
          nicolae_shop_competitors_out_of_business
D:4:      layout_basic, lemuel_coloured_pillars_altar,
          minmay_increasing_density, uniq_grinder

Skill      XL: |  1  2  3  4 |
---------------+-------------+-----
Axes           | 3 4 5 |  5.2
Fighting       | |  2.0
Throwing       | |  1.7
Dodging        | |  2.6

Action                   |  1- 3 |  4- 6 || total
-------------------------+-------+-------++-------
Melee: War axe           |    79 |    53 ||   132
  Use: Scroll            |     2 |     7 ||     9
       Potion            |       |     2 ||     2
 Stab: Sleeping          |     2 |       ||     2
Armor: Leather armour    |    22 |       ||    22
       Plate armour      |     1 |    37 ||    38
Dodge: Dodged            |    68 |    12 ||    80
Block: Other             |    13 |     9 ||    22
